Unix NetHack Version 5.0.0-0 post-release - last build May  4 2026 22:22:43 (774f63e81ad911689b3a0859ea89b322d5daca8d,branch:main).

Game began 2026-05-04 21:44:33, ended 2026-05-06 02:00:47.

DeathOnAStick, neutral male human Tourist

                          ------------------------
                          |...................))%|
                          |.-------------------..|
                          |.|        -----    |.----
                          |.|        |...--  --.|..|
                          |.|        |....|--|...%.|
                          |.|        |....|%.|....`|
                          |.|        --......|...`--
                          |.|------   |...|.......|
                          |.|$...$|-- |...|..|....|
                          |.|$E...-?| |...|---....|
                          |.|...g.|-| --..|=......|
                          |.[%.[.d+.|  --.|....----
                          --|u@u..|-|   |.--.---
                            |$"...+.|   |.....|
                            |$$%?.|--   |..|.>|
                            -------     -------

DeathOnAStick the Peregrinator  St:25 Dx:13 Co:14 In:17 Wi:9 Ch:17  Neutral S:25644
Dlvl:4  $:1006 HP:0(69) Pw:43(43) AC:0  Xp:10/6213 T:12381 

Latest messages:
 Wait!  There's something there you can't see!
 You destroy it!
 Fido3 bites the giant bat.
 The giant bat bites Fido3.
 Fido2 hits the giant bat.
 Fido2 misses the giant bat.
 The giant bat bites!
 The white unicorn misses!
 The white unicorn misses!
 Please move the cursor to a monster, object or location.
 (For instructions type a '?')
 You hit the white unicorn!
 Fido3 misses the giant bat.
 Fido2 misses the giant bat.
 Fido2 misses the giant bat.
 The giant bat misses!
 The white unicorn butts!
 The white unicorn kicks!
 The giant bat bites!
 Fido3 bites the giant bat.
 The giant bat misses Fido3.
 The giant spider spins a web.
 Fido2 picks up a unicorn horn.
 Fido2 hits the giant bat.
 Fido2 bites the giant bat.
 The giant bat is killed!
 What do you want to wield? [- adg or ?*] a
 You are already wielding that!
 Fido3 eats a giant bat corpse.
 Please move the cursor to a monster, object or location.
 (For instructions type a '?')
 What do you want to wield? [- adg or ?*] a
 You are already wielding that!
 Fido2 drops a unicorn horn.
 Please move the cursor to a monster, object or location.
 (For instructions type a '?')
 What do you want to use or apply? [dfginrsvxEK-MOQZ or ?*] f
 In what direction? k
 The gargoyle is blinded by the flash!
 The gargoyle turns to flee.
 The white unicorn butts!
 The white unicorn kicks!
 You kill the giant spider!
 The white unicorn butts!
 You die...
 Do you want your possessions identified? [ynq] (y) y
 Do you want to see your attributes? [ynq] (y) y
 Do you want an account of creatures vanquished? [ynaq] (y) y
 Do you want to see your conduct and achievements? [ynq] (y) y
 Do you want to see the dungeon overview? [ynq] (y) y

Inventory:
 Coins    ('$')
  $ - 1006 gold pieces
 Amulets  ('"')
  Y - an uncursed amulet of unchanging (being worn)
 Weapons  (')')
  a - the blessed +3 Sting (weapon in right hand)
 Armor    ('[')
  V - an uncursed +0 helm of brilliance (being worn)
  m - an uncursed very rusty +0 pair of gauntlets of power (being worn)
  P - an uncursed -3 pair of speed boots (being worn)
  R - an uncursed +0 shield of reflection (being worn)
  T - an uncursed +0 cloak of protection (being worn)
  p - an uncursed +0 Hawaiian shirt with a tropical fish motif (being worn)
  l - a blessed +0 dwarvish mithril-coat (being worn)
 Comestibles  ('%')
  q - 3 uncursed randomfruits
  A - 2 uncursed apples
  r - an uncursed cream pie
  e - 5 uncursed food rations
  B - an uncursed orange
  c - 4 uncursed eggs
  j - 2 uncursed lizard corpses
 Scrolls  ('?')
  z - an uncursed scroll of earth
  J - an uncursed scroll of taming
  t - a blessed scroll of teleportation
  G - 3 uncursed scrolls of teleportation
 Potions  ('!')
  u - a cursed potion of healing
  w - an uncursed potion of see invisible
  S - 4 potions of holy water
 Rings    ('=')
  o - an uncursed ring of conflict
  D - an uncursed ring of invisibility
  U - an uncursed ring of poison resistance
  H - an uncursed +2 ring of protection
  I - an uncursed ring of protection from shape changers
  X - an uncursed ring of searching
  W - an uncursed ring of shock resistance
  h - an uncursed ring of stealth
  C - an uncursed ring of sustain ability
 Wands    ('/')
  O - a wand of digging (0:3)
  v - a wand of light (0:15)
  n - a wand of light (0:14)
  i - a wand of light (0:11)
  E - a wand of light (0:11)
  Q - a wand of sleep (0:6)
  K - a wand of stasis (0:2)
  M - a wand of striking (0:6)
  Z - a wand of teleportation (0:8)
 Tools    ('(')
  s - an uncursed blindfold
  f - an expensive camera (0:28)
  L - an uncursed magic lamp (lit)
  d - a +0 pick-axe
  x - an uncursed skeleton key
  g - a blessed +0 unicorn horn
 Gems/Stones  ('*')
  y - a blessed luckstone

DeathOnAStick the Tourist's attributes:

Background:
 You were a Peregrinator, a level 10 male human Tourist.
 You were neutral, on a mission for The Lady
 who was opposed by Blind Io (lawful) and Offler (chaotic).
 You were right-handed.
 You were in Sokoban, on level 4.
 You entered the dungeon 12381 turns ago.
 It was nighttime.
 You had 6213 experience points, 3787 more were needed to attain level 11.
 Your score was 25644 before end-of-game adjustments.

Basics:
 You had 0 out of 69 hit points.
 You had all 43 energy points (spell power).
 Your armor class was 0.
 Your wallet contained 1006 zorkmids.
 Autopickup was off.

Final Characteristics:
 Your strength was 25 (base:10, innate limit:18/100).
 Your dexterity was 13 (limit:18).
 Your constitution was 14 (limit:18).
 Your intelligence was 17 (limit:18).
 Your wisdom was 9 (limit:18).
 Your charisma was 17 (limit:18).

Final Status:
 You weren't hungry.
 You were unencumbered.
 You were wielding a dagger.
 You had expert skill with dagger.

Final Attributes:
 You were piously aligned.
 You were sleep resistant.
 You were poison resistant.
 You were telepathic.
 You were aware of the presence of orcs.
 You had automatic searching.
 You were protected.
 You couldn't change from your current form.
 You were very fast.
 You had reflection.
 You had extra luck.
 Good luck did not time out for you.
 You are dead.

Miscellaneous:
 You didn't encounter any bones levels.
 Total elapsed playing time was 3 hours and 58 seconds.

Major events:
 Turn
    1: DeathOnAStick the neutral male human Tourist entered the dungeon
 1034: attained the rank of Sightseer (level 3)
 1822: entered the Gnomish Mines
 2221: attained the rank of Excursionist (level 6)
 2310: reached Mine Town
 5440: chose a runed dagger to be named "Sting"
 6189: acquired the Mines' End luckstone
 7428: was bestowed with Trollsbane by The Lady
10730: entered Sokoban
11462: completed 2nd Sokoban level
11831: completed 3rd Sokoban level
12032: attained the rank of Peregrinator (level 10)
12273: completed 4th Sokoban level
12381: killed by a white unicorn

You didn't know any spells.

Skills:
 Fighting Skills
   bare handed combat [Unskilled]
   two weapon combat  [Unskilled]
   riding             [Unskilled]
 Weapon Skills
   dagger             [Expert]
   knife              [Unskilled]
   axe                [Unskilled]
   pick-axe           [Unskilled]
   short sword        [Unskilled]
   broadsword         [Unskilled]
   long sword         [Unskilled]
   two-handed sword   [Unskilled]
   saber              [Unskilled]
   mace               [Unskilled]
   morning star       [Unskilled]
   flail              [Unskilled]
   hammer             [Unskilled]
   quarterstaff       [Unskilled]
   polearms           [Unskilled]
   spear              [Unskilled]
   trident            [Unskilled]
   lance              [Unskilled]
   bow                [Unskilled]
   sling              [Unskilled]
   crossbow           [Unskilled]
   dart               [Basic]
   shuriken           [Unskilled]
   boomerang          [Unskilled]
   whip               [Unskilled]
   unicorn horn       [Unskilled]
 Spellcasting Skills
   divination spells  [Unskilled]
   enchantment spells [Unskilled]
   escape spells      [Unskilled]

Voluntary challenges:
 Character rerolling was not enabled.
 You never genocided any monsters.
 You never polymorphed an object.
 You used no wishes.
 You violated the special Sokoban rules 9 times.
Achievements:
 You entered a shop.
 You attained the rank of Sightseer.
 You entered the Gnomish Mines.
 You attained the rank of Excursionist.
 You entered Minetown.
 You entered a temple.
 You completed the Gnomish Mines.
 You entered Sokoban.
 You attained the rank of Peregrinator.

 The Dungeons of Doom: levels 1 to 9
    Level 1:
       Some fountains.
    Level 2:
       A weapon shop.
    Level 3:
       A general store.
    Level 4:
       An armor shop, an altar to The Lady, a fountain.
       Stairs down to The Gnomish Mines.
    Level 5:
       A fountain.
    Level 6:
       A throne.
    Level 7:
       Many fountains.
       Oracle of Delphi.
    Level 8:
       A grave.
       Stairs up to Sokoban, level 7.
    Level 9:
       A fountain.
 The Gnomish Mines: levels 5 to 13
    Level 5:
    Level 6:
    Level 7:
       Many shops, a temple and an altar, some fountains, some trees.
    Level 8:
    Level 9:
    Level 10:
    Level 11:
    Level 12:
    Level 13:
 Sokoban: levels 7 up to 4
    Level 4: <- You were here.
       Solved.
       Final resting place for
          you, killed by a white unicorn.
    Level 5:
       Solved.
    Level 6:
       Solved.
    Level 7:
       Unsolved.


Vanquished creatures:
  3 giant mimics
  a stalker
  a hell hound pup
  a small mimic
  2 tigers
  a tengu
 an elf mummy
  a red naga
 an amorous demon
  2 giant beetles
  5 wolves
  6 winter wolf cubs
  3 leprechauns
 an iron piercer
  3 giant spiders
  a scorpion
  a vampire bat
  3 gnome rulers
  a dwarf mummy
 an ogre
  a rust monster
  2 gold golems
  a piranha
  5 lizards
  2 dingoes
  a jaguar
  2 dwarf leaders
  2 black unicorns
  2 dust vortices
  2 ravens
  2 gnome mummies
  4 snakes
  2 human zombies
  9 Woodland-elves
  2 bugbears
 an imp
  a quasit
  a water nymph
  2 rock piercers
  3 rock moles
  a woodchuck
  a pony
  a fog cloud
  6 yellow lights
  a shrieker
  a violet fungus
 19 gnome leaders
  4 gnomish wizards
 an elf zombie
  2 ghouls
  a straw golem
 12 giant ants
  2 little dogs
  5 floating eyes
 22 dwarves
  a homunculus
  a kobold leader
  3 kobold shamans
  5 hill orcs
 13 rothes
  2 giant bats
  2 monkeys
  a dwarf zombie
  a wererat
  7 iguanas
  2 acid blobs
  3 coyotes
  a gas spore
  8 hobbits
  2 large kobolds
  5 hobgoblins
  5 giant rats
  4 cave spiders
  2 brown molds
  4 yellow molds
  2 green molds
 67 gnomes
  a garter snake
  a gnome zombie
  8 geckos
  4 jackals
  4 foxes
  a kobold
  4 goblins
  7 sewer rats
 11 grid bugs
  2 bats
  5 lichens
  2 kobold zombies
  7 newts
363 creatures vanquished.

No species were genocided or became extinct.

Game over:
                       ----------
                      /          \
                     /    REST    \
                    /      IN      \
                   /     PEACE      \
                  /                  \
                  |  DeathOnAStick   |
                  |     1006 Au      |
                  |   killed by a    |
                  |  white unicorn   |
                  |                  |
                  |                  |
                  |       2026       |
                 *|     *  *  *      | *
        _________)/\\_//(\/(/\)/\//\/|_)_______

Aloha DeathOnAStick the Tourist...

You died in Sokoban on dungeon level 4 with 25637 points,
and 1006 pieces of gold, after 12381 moves.
You were level 10 with a maximum of 69 hit points when you died.

